 Dungeon Crawl Stone Soup version 0.31-a0-702-gf82c85558f (webtiles) character file.

Game seed: 15927173258703746618

9865 qw the Skirmisher (level 11, 0/72 HPs)
             Began as a Gargoyle Hunter on Sept 8, 2023.
             Was a Believer of Okawaru.
             Slain by a vampire (8 damage)
             ... on level 10 of the Dungeon.
             The game lasted 00:03:51 (8281 turns).

qw the Skirmisher (Gargoyle Hunter)                 Turns: 8281, Time: 00:03:51

Health: 0/72       AC: 19    Str: 15    XL:     11   Next: 53%
Magic:  12/14      EV: 17    Int: 10    God:    Okawaru [**....]
Gold:   337        SH:  0    Dex: 17    Spells: 10/10 levels left

rFire   . . .        Y - +0 arbalest (freeze)
rCold   + . .        (shield currently unavailable)
rNeg    + . .        p - +2 robe {rC+}
rPois   inf          o - +1 helmet
rElec   +            i - +0 cloak
rCorr   +            f - +0 pair of gloves
SInv    .            k - +0 pair of boots
Will    .....        m - amulet of regeneration
Stlth   +++          b - ring of resist corrosion
HPRegen 1.12/turn    (no ring)
MPRegen 0.14/turn

%: no passive effects
@: heroic
A: sickness immunity, AC +8, negative energy resistance 1, electricity
resistance, torment resistance 1, petrification resistance
a: Renounce Religion, Heroism


You were on level 10 of the Dungeon.
You worshipped Okawaru.
Okawaru was pleased with you.
You visited 2 branches of the dungeon, and saw 11 of its levels.

You collected 507 gold pieces.
You spent 170 gold pieces at shops.


Innate Abilities, Weirdness & Mutations

You are immune to sickness and miasma.
Your stone body is resilient. (AC +8)
You are immune to poison.
You resist negative energy. (rN+)
You are resistant to electric shocks. (rElec)
You are resistant to unholy torment.
You are immune to petrification.


   Skills:
 + Level 9.7(14.7) Fighting
 - Level 14.0(19.0) Ranged Weapons
 - Level 5.0(10.0) Armour
 - Level 4.1(9.1) Dodging
 - Level 1.1(6.1) Stealth
 - Level 4.0 Invocations


You had 10 spell levels left.
You didn't know any spells.
Your spell library was empty.

Inventory:

Hand Weapons
 e - the +5 sling of Ancient Evil {elec, rF+ rC+ rN+ Dex+2}
   (You found it on level 4 of the Dungeon)

   Dex+2:     It affects your dexterity (+2).
   rF+:       It protects you from fire.
   rC+:       It protects you from cold.
   rN+:       It protects you from negative energy.
 Y - a +0 arbalest of freezing (weapon)
Armour
 f - a +0 pair of gloves (worn)
 i - a +0 cloak (worn)
 k - a +0 pair of boots (worn)
 o - a +1 helmet (worn)
 p - a +2 robe of cold resistance (worn)
 q - a +0 ring mail of fire resistance
 s - a +0 troll leather armour
Jewellery
 b - a ring of resist corrosion (left hand)
 m - an amulet of regeneration (around neck)
 r - a ring of resist corrosion
 u - a ring of see invisible
Scrolls
 a - a scroll of identify
Potions
 c - a potion of mutation
 d - a potion of resistance {unknown}
 g - 2 potions of might {unknown}
 j - 5 potions of cancellation
 l - a potion of invisibility {unknown}
 n - a potion of brilliance {unknown}

Dungeon Overview and Level Annotations

Branches:
Dungeon (10/15)            Temple (1/1) D:7
   Lair: D:8-11         Orc: D:9-12

Altars:
Cheibriados
Dithmenos
Elyvilon
Fedhas
Gozag
Hepliaklqana
Kikubaaqudgha
Makhleb
Nemelex Xobeh
Okawaru
Qazlal
Ru
Sif Muna
Trog
Vehumet
Wu Jian
Xom
Yredelemnul
Zin
The Shining One

Shops:
D:8 *


Message History

You shoot a bolt.
You feel like a meek peon again. Something hits you.
Something barely misses you.
You shoot a bolt.
You hear some strange, mumbled words.
You are confused.
You shoot a bolt.
You hear some strange, mumbled words.
Something tries to affect you, but you resist.
You shoot a bolt. Something hits you but does no damage.
Something bites you but does no damage. Something hits you!
Something bites you but does no damage.
You shoot a bolt. Something hits you but does no damage.
Something bites you but does no damage.
You shoot a bolt. Something hits you but does no damage.
Something bites you but does no damage.
You shoot a bolt.
You feel less confused. Something hits you but does no damage.
Something bites you but does no damage.
You shoot a bolt.
You hear some strange, mumbled words.
You are confused.
You shoot a bolt. Something hits you. Something barely misses you.
Something hits you. Something bites you!
You shoot a bolt. Something barely misses you. x2
You shoot a bolt.
A vampire appears from thin air!
Reactivating autopickup.
The vampire hits you but does no damage.
The vampire bites you! The vampire barely misses you.
The vampire bites you but does no damage.
You feel less confused. The vampire closely misses you. The vampire bites you.
8281 ||| INVOKING Heroism.
You gain the combat prowess of a mighty hero.
The vampire completely misses you. The vampire bites you!
You die...

.........# #..
#........[...# #..
#............######..
#....######..........
#....#....#..........
#....#....#..........
####....#....#..........
........#....#..........
.......@###'##.....[..##
......V..........!....#
......................#
.....###+##...........
..... #.....#####. ....
#.....# ... #.....# ...
+.....# #...>.#


You could see a vampire.

Vanquished Creatures
  Pikel (D:6)
  A komodo dragon (D:10)
  2 trolls
  A hornet (D:10)
  Grinder (D:4)
  Eustachio (D:4)
  A wraith (D:9)
  24 yaks
  A steam dragon (D:8)
  Edmund (D:6)
  3 water moccasins
  Duvessa (D:6)
  2 orc warriors
  4 sky beasts (D:8)
  3 black bears
  2 ice beasts (D:7)
  3 ogres
  6 centaurs
  A phantom (D:6)
  A kobold brigand (D:8)
  3 bullfrogs
  2 gnoll sergeants
  6 scorpions (D:5)
  4 wights (D:9)
  Dowan (D:6)
  An electric eel (D:10)
  7 howler monkeys
  A jelly (D:8)
  A hound (D:5)
  3 orc priests
  A gnoll bouda (D:7)
  3 iguanas
  A sleepcap (D:8)
  2 scorpion zombies (D:3)
  6 orc wizards
  19 gnolls
  8 adders
  A shadow imp (D:7)
  A white imp (D:7)
  2 ufetubi (D:5)
  An adder zombie (D:3)
  4 worms
  A dart slug (D:4)
  21 orcs
  8 ball pythons
  7 bats
  12 endoplasms
  A giant cockroach (D:1)
  7 goblins
  7 hobgoblins
  7 jackals
  13 kobolds
  6 quokkas
  3 frilled lizards (D:1)
  4 rats
235 creatures vanquished.

Notes
Turn   | Place    | Note
-------+----------+-------------------------------------------
     0 | D:1      | qw the Gargoyle Hunter began the quest for the Orb.
     0 | D:1      | Reached XP level 1. HP: 12/12 MP: 1/1
     0 | D:1      | 0 ||| qw: Version: 0.3-a-76-g4403597
     0 | D:1      | 0 ||| qw: Game counter: 1008
     0 | D:1      | 0 ||| qw: Melee chars always use a shield: true
     0 | D:1      | 0 ||| qw: God list: Okawaru
     0 | D:1      | 0 ||| qw: Allow faded altars: false
     0 | D:1      | 0 ||| qw: Do Orc after clearing Dungeon:15 true
     0 | D:1      | 0 ||| qw: Do second Lair branch before Depths: true
     0 | D:1      | 0 ||| qw: Lair rune preference: random
     0 | D:1      | 0 ||| qw: Goals: Normal
     0 | D:1      | 0 ||| PLANNING D:1-11
    79 | D:1      | Reached XP level 2. HP: 17/17 MP: 2/2
   196 | D:1      | Reached XP level 3. HP: 21/21 MP: 3/3
   250 | D:1      | Reached skill level 5 in Ranged Weapons
   582 | D:1      | Found a faded altar of an unknown god.
   802 | D:1      | 802 ||| UPGRADING to +0 ring mail.
   812 | D:1      | 812 ||| DROPPING +0 leather armour.
   813 | D:1      | 813 ||| UPGRADING to +0 pair of gloves.
   818 | D:1      | 818 ||| UPGRADING to +0 cloak.
   823 | D:1      | 823 ||| READING scroll labelled GAGIRA DINTAA.
   824 | D:1      | 824 ||| READING scroll labelled ELOIW ETHRONEYMP.
   825 | D:1      | 825 ||| READING scroll labelled QAREES YWEKAA.
   826 | D:1      | 826 ||| DROPPING scroll of butterflies.
  1197 | D:2      | Reached skill level 1 in Armour
  1322 | D:2      | Reached XP level 4. HP: 27/27 MP: 4/4
  1341 | D:2      | Reached skill level 3 in Fighting
  1356 | D:2      | Identified the +3 dagger of Conflict {venom, *Corrode Str+2
                  | Dex+3}
  1580 | D:2      | 1580 ||| READING scroll labelled OBAATE QOEMN.
  1581 | D:2      | 1581 ||| READING scroll labelled ASTROO MEUBB.
  1582 | D:2      | 1582 ||| DRINKING 2 silvery potions.
  1609 | D:3      | 1609 ||| STAIRDANCE
  1798 | D:3      | Reached XP level 5. HP: 32/32 MP: 5/5
  1806 | D:3      | Reached skill level 6 in Ranged Weapons
  1843 | D:3      | Found a basalt altar of Yredelemnul.
  1860 | D:3      | Found an opulent altar of Gozag.
  2192 | D:3      | 2192 ||| DRINKING 2 fizzy purple potions.
  2233 | D:3      | 2233 ||| READING 2 scrolls of identify.
  2233 | D:3      | 2233 ||| IDENTIFYING grey potion
  2234 | D:3      | 2234 ||| DROPPING potion of lignification.
  2466 | D:4      | Identified the +5 sling of Ancient Evil {elec, rF+ rC+ rN+
                  | Dex+2}
  2468 | D:4      | 2468 ||| SWAPPING to +5 sling of Ancient Evil {elec, rF+
                  | rC+ rN+ Dex+2}.
  2469 | D:4      | 2469 ||| DROPPING +0 shortbow.
  2593 | D:4      | Found a glowing silver altar of Zin.
  2643 | D:4      | Reached XP level 6. HP: 38/38 MP: 6/6
  2781 | D:4      | Noticed Grinder
  2791 | D:4      | Killed Grinder
  2792 | D:4      | Reached skill level 7 in Ranged Weapons
  2837 | D:4      | Noticed Eustachio
  2845 | D:4      | Killed Eustachio
  2846 | D:4      | Reached skill level 3 in Armour
  2846 | D:4      | Reached XP level 7. HP: 42/43 MP: 7/7
  3201 | D:4      | 3201 ||| UPGRADING to +0 pair of boots.
  3206 | D:4      | 3206 ||| READING scroll labelled BIFULA AWANY.
  3207 | D:4      | 3207 ||| READING scroll labelled RACARO VOIMUDUREAX.
  3237 | D:4      | 3237 ||| DRINKING 2 smoky amethyst potions.
  3305 | D:5      | Entered Level 5 of the Dungeon
  3312 | D:5      | Reached skill level 8 in Ranged Weapons
  3325 | D:5      | Reached XP level 8. HP: 42/48 MP: 8/8
  3610 | D:5      | Reached skill level 9 in Ranged Weapons
  3740 | D:5      | 3740 ||| READING scroll labelled ZOIRINTOURU.
  3741 | D:5      | 3741 ||| DRINKING 2 green potions.
  3742 | D:5      | 3742 ||| READING 2 scrolls of identify.
  3742 | D:5      | 3742 ||| IDENTIFYING glowing puce potion
  3743 | D:5      | 3743 ||| DROPPING potion of ambrosia.
  3761 | D:6      | Noticed Edmund
  3773 | D:6      | Killed Edmund
  3774 | D:6      | Reached skill level 6 in Fighting
  3881 | D:6      | 3881 ||| RETREATING.
  3889 | D:6      | 3889 ||| Stepping ~*~*~tactically~*~*~ (outnumbered).
  3899 | D:6      | Reached XP level 9. HP: 28/56 MP: 9/9
  4016 | D:6      | 4016 ||| DRINKING potion of curing.
  4016 | D:6      | 4016 ||| (to cure confusion)
  4018 | D:6      | Reached skill level 10 in Ranged Weapons
  4242 | D:6      | Noticed Dowan
  4245 | D:6      | Reached skill level 3 in Dodging
  4246 | D:6      | Killed Dowan
  4249 | D:6      | Noticed Duvessa
  4263 | D:6      | Killed Duvessa
  4403 | D:6      | Noticed Pikel
  4412 | D:6      | Killed Pikel
  4413 | D:6      | Reached skill level 11 in Ranged Weapons
  4793 | D:6      | 4793 ||| UPGRADING to +0 helmet.
  4798 | D:6      | 4798 ||| UPGRADING to +1 helmet.
  4808 | D:6      | 4808 ||| DROPPING +0 helmet.
  4833 | D:7      | 4833 ||| STAIRDANCE
  4864 | D:7      | 4864 ||| STAIRDANCE
  5010 | D:7      | Reached XP level 10. HP: 64/64 MP: 10/10
  5014 | D:7      | 5014 ||| READING 2 scrolls of identify.
  5014 | D:7      | 5014 ||| IDENTIFYING brown potion
  5033 | D:7      | 5033 ||| DROPPING potion of degeneration.
  5138 | D:7      | Found a staircase to the Ecumenical Temple.
  5139 | D:7      | 5139 ||| PLANNING TEMPLE
  5139 | D:7      | 5139 ||| UPGRADING to ring of resist corrosion.
  5144 | Temple   | Entered the Ecumenical Temple
  5145 | Temple   | 5145 ||| PLANNING OKAWARU WORSHIP
  5187 | Temple   | Became a worshipper of Warmaster Okawaru
  5188 | Temple   | 5188 ||| PLANNING D:1-11
  5376 | D:7      | Found an ornate altar of the Wu Jian Council.
  5403 | D:7      | Found the +15 Maxwell's patent armour {-Cast -Tele rElec
                  | Will+ rCorr}
  5490 | D:7      | Found a snail-covered altar of Cheibriados.
  5619 | D:7      | Found an ancient bone altar of Kikubaaqudgha.
  5625 | D:7      | Found a radiant altar of Vehumet.
  5635 | D:7      | Found a shimmering blue altar of Sif Muna.
  5637 | D:7      | 5637 ||| READING scroll labelled WIHOUGA LYWO.
  5692 | D:8      | 5692 ||| Stepping ~*~*~tactically~*~*~ (retreating).
  5693 | D:8      | 5693 ||| STAIRDANCE
  5698 | D:8      | 5698 ||| STAIRDANCE
  5706 | D:7      | Reached skill level 12 in Ranged Weapons
  5755 | D:8      | 5755 ||| STAIRDANCE
  5766 | D:7      | Reached * piety under Okawaru
  5867 | D:8      | Reached skill level 1 in Invocations
  5897 | D:8      | 5897 ||| FLEEEEING.
  5910 | D:8      | 5910 ||| RETREATING.
  5929 | D:8      | 5929 ||| INVOKING Heroism.
  6001 | D:8      | 6001 ||| INVOKING Heroism.
  6095 | D:8      | Found Deet's General Store.
  6105 | D:8      | Reached skill level 3 in Invocations
  6110 | D:8      | 6110 ||| BUYING +0 arbalest of freezing (131 gold).
  6110 | D:8      | Bought a +0 arbalest of freezing for 131 gold pieces
  6110 | D:8      | 6110 ||| BUYING potion of curing (39 gold).
  6110 | D:8      | Bought a potion of curing for 39 gold pieces
  6110 | D:8      | 6110 ||| SWAPPING to +0 arbalest of freezing.
  6111 | D:8      | 6111 ||| DROPPING +0 orcbow.
  6207 | D:8      | 6207 ||| INVOKING Heroism.
  6211 | D:8      | 6211 ||| Stepping ~*~*~tactically~*~*~ (outnumbered).
  6212 | D:8      | 6212 ||| Stepping ~*~*~tactically~*~*~ (outnumbered).
  6255 | D:8      | 6255 ||| INVOKING Heroism.
  6267 | D:8      | 6267 ||| FLEEEEING.
  6363 | D:8      | 6363 ||| Stepping ~*~*~tactically~*~*~ (outnumbered).
  6364 | D:8      | 6364 ||| Stepping ~*~*~tactically~*~*~ (outnumbered).
  6365 | D:8      | 6365 ||| FLEEEEING.
  6366 | D:8      | 6366 ||| FLEEEEING.
  6369 | D:8      | 6369 ||| FLEEEEING.
  6370 | D:8      | 6370 ||| FLEEEEING.
  6376 | D:8      | 6376 ||| FLEEEEING.
  6377 | D:8      | 6377 ||| FLEEEEING.
  6378 | D:8      | 6378 ||| FLEEEEING.
  6379 | D:8      | 6379 ||| FLEEEEING.
  6380 | D:8      | 6380 ||| FLEEEEING.
  6384 | D:8      | 6384 ||| STAIRDANCE
  6410 | D:7      | 6410 ||| UPGRADING to +0 ring mail of fire resistance.
  6420 | D:7      | 6420 ||| DROPPING +0 ring mail.
  6421 | D:7      | 6421 ||| READING scroll labelled CIDYGH QALURUU.
  6422 | D:7      | 6422 ||| READING 2 scrolls of identify.
  6422 | D:7      | 6422 ||| IDENTIFYING fizzy clear potion
  6423 | D:7      | 6423 ||| DROPPING potion of berserk rage.
  6430 | D:8      | 6430 ||| Stepping ~*~*~tactically~*~*~ (outnumbered).
  6431 | D:8      | 6431 ||| Stepping ~*~*~tactically~*~*~ (outnumbered).
  6433 | D:8      | 6433 ||| Stepping ~*~*~tactically~*~*~ (outnumbered).
  6442 | D:8      | 6442 ||| INVOKING Heroism.
  6689 | D:8      | Found a sacrificial altar of Ru.
  6872 | D:9      | Reached skill level 13 in Ranged Weapons
  6961 | D:9      | Found a hazy altar of Hepliaklqana.
  6962 | D:9      | Found a shimmering altar of Xom.
  6963 | D:9      | Noticed a spectral ugly thing
  7112 | D:9      | Reached XP level 11. HP: 66/69 MP: 14/14
  7114 | D:9      | Reached ** piety under Okawaru
  7115 | D:9      | Reached skill level 9 in Fighting
  7117 | D:9      | 7117 ||| INVOKING Heroism.
  7273 | D:9      | 7273 ||| RETREATING.
  7367 | D:9      | 7367 ||| RETREATING.
  7370 | D:9      | 7370 ||| Stepping ~*~*~tactically~*~*~ (retreating).
  7383 | D:9      | 7383 ||| INVOKING Heroism.
  7794 | D:9      | Found a shadowy altar of Dithmenos.
  7915 | D:9      | 7915 ||| UPGRADING to +2 robe of cold resistance.
  7925 | D:9      | 7925 ||| UPGRADING to amulet of regeneration.
  7966 | D:10     | Entered Level 10 of the Dungeon
  8020 | D:10     | Found a stormy altar of Qazlal.
  8059 | D:10     | 8059 ||| INVOKING Heroism.
  8063 | D:10     | 8063 ||| Stepping ~*~*~tactically~*~*~ (retreating).
  8131 | D:10     | Reached skill level 14 in Ranged Weapons
  8138 | D:10     | 8138 ||| RETREATING.
  8140 | D:10     | 8140 ||| RETREATING.
  8142 | D:10     | 8142 ||| Stepping ~*~*~tactically~*~*~ (retreating).
  8240 | D:10     | 8240 ||| INVOKING Heroism.
  8241 | D:10     | 8241 ||| DRINKING potion of curing.
  8241 | D:10     | 8241 ||| (to cure confusion)
  8254 | D:10     | HP: 12/71 [something (9)]
  8254 | D:10     | HP: 4/71 [komodo dragon (8)]
  8255 | D:10     | 8255 ||| DRINKING 2 potions of heal wounds.
  8257 | D:10     | 8257 ||| DRINKING potion of heal wounds.
  8276 | D:10     | HP: 14/72 [something (10)]
  8278 | D:10     | HP: 5/72 [vampire (11)]
  8281 | D:10     | 8281 ||| INVOKING Heroism.
  8281 | D:10     | Slain by a vampire

Levels and vault maps discovered:
D:1:      dpeg_arrival_arbitrary_a, layout_loops_ring,
          shapermc_ecumenical_altar_petra
D:2:      layout_loops_ring
D:3:      layout_rooms, nicolae_gozag_seed_capital,
          nicolae_yredelemnul_corpse_copse
D:4:      layout_loops_corners, zin_statuary, st_stairs_13, grunt_ministairs_4,
          uniq_grinder, uniq_eustachio
D:5:      layout_rooms, serial_glass, glass_columns_a, glass_columns_a,
          due_unseen_surprise, feat_on_display
D:6:      layout_cave_pods, uniq_edmund, uniq_pikel, uniq_duvessa
D:7:      layout_loops_ring, palyth_temple_overflow_mages,
          pdpol_wu_jian_five_deadly_venoms, cheibrodos_worm_habitat,
          minmay_temple_entry_glassed_door, kennysheep_boxes
D:8:      minmay_thick_lines, layout_cave_pools,
          nicolae_ru_sacrificial_ziggurat, serial_shops,
          nicolae_shop_just_a_little_nook
D:9:      layout_irregular_city, regret_index_temple_of_mockery,
          nicolae_dithmenos_through_a_glass_darkly
D:10:     layout_irregular_city, marbit_many_paths, nicolae_overflow_squiral,
          amcnicky_mini_pool_medium
Temple:   hellmonk_temple_beads

Skill      XL: |  1  2  3  4  5  6  7  8  9 10 11 |
---------------+----------------------------------+-----
Ranged Weapons | 5 6 7 8 9 11 13 14 | 14.0
Armour         | 1 3 4 5 |  5.0
Fighting       | 3 4 6 8 9 |  9.7
Dodging        | 2 3 4 |  4.1
Invocations    | 4 |  4.0
Stealth        | |  1.1

Action                     |  1- 3 |  4- 6 |  7- 9 | 10-12 || total
---------------------------+-------+-------+-------+-------++-------
   Fire: Shortbow          |   144 |   106 |       |       ||   250
         Sling             |       |    38 |   199 |   128 ||   365
         Arbalest          |       |       |       |   213 ||   213
 Invoke: Heroism           |       |       |       |    10 ||    10
    Use: Scroll            |     3 |     3 |     4 |     4 ||    14
         Potion            |       |     2 |     3 |     3 ||     8
 Armour: Leather armour    |    25 |       |       |       ||    25
         Ring mail         |    23 |    49 |    65 |   121 ||   258
         Robe              |       |       |       |    70 ||    70
  Dodge: Dodged            |    40 |    44 |    49 |   136 ||   269

Table legend:
 A = Non-vault XP
 B = Vault XP
 C = Vault XP percentage of total XP
 D = Non-vault monster count
 E = Vault monster count
 F = Vault count percentage of total count
                 A         B        C        D         E       F
            +---------+---------+-------+---------+---------+-------
      Total |   10614 |    3479 |  24.7 |     207 |      28 |  11.9
            +---------+---------+-------+---------+---------+-------
        D:1 |      62 |       0 |   0.0 |      35 |       0 |   0.0
        D:2 |      46 |       0 |   0.0 |      17 |       0 |   0.0
        D:3 |      63 |      75 |  54.3 |      16 |       3 |  15.8
        D:4 |     193 |     496 |  72.0 |      15 |       5 |  25.0
        D:5 |     987 |       0 |   0.0 |      17 |       0 |   0.0
        D:6 |    1141 |    1033 |  47.5 |      27 |       4 |  12.9
        D:7 |    1835 |     110 |   5.7 |      23 |       4 |  14.8
        D:8 |    1657 |     709 |  30.0 |      29 |       6 |  17.1
        D:9 |    3606 |       0 |   0.0 |      23 |       0 |   0.0
       D:10 |    1024 |    1056 |  50.8 |       5 |       6 |  54.5
            +---------+---------+-------+---------+---------+-------
